 Dungeon Crawl Stone Soup version 0.31-a0-259-g771a54ca4b (webtiles) character file.

Game seed: 701789947398809888

316 qw the Shooter (level 6, -5/51 HPs)
             Began as a Minotaur Hexslinger on July 13, 2023.
             Succumbed to Eustachio's poison
             ... on level 4 of the Dungeon.
             The game lasted 00:00:55 (2899 turns).

qw the Shooter (Minotaur Hexslinger)                Turns: 2899, Time: 00:00:56

Health: -5/51      AC:  9    Str: 13    XL:     6   Next: 20%
Magic:  6/6        EV: 12    Int: 10    God:
Gold:   135        SH:  0    Dex: 20    Spells: 6/7 levels left

rFire   . . .        b - +1 arbalest (drain)
rCold   . . .        (shield currently unavailable)
rNeg    . . .        e - +0 leather armour
rPois   .            (helmet restricted)
rElec   .            (no cloak)
rCorr   .            d - +1 pair of gloves
SInv    .            (no boots)
Will    .....        (no amulet)
Stlth   +            i - +6 ring of dexterity
HPRegen 0.28/turn    j - +4 ring of protection
MPRegen 0.10/turn

%: no passive effects
@: lethally poisoned (-5 -> -26)
A: horns 2, retaliatory headbutt
a: no special abilities


You were on level 4 of the Dungeon.
You visited 1 branch of the dungeon, and saw 4 of its levels.

You collected 135 gold pieces.


Innate Abilities, Weirdness & Mutations

You have a pair of horns on your head.
You reflexively headbutt those who attack you in melee.


   Skills:
 + Level 3.2 Fighting
 - Level 6.3 Ranged Weapons
 - Level 1.8 Armour
 - Level 2.1 Dodging
 - Level 1.0 Spellcasting
 - Level 2.0 Hexes


You had 6 spell levels left.
You knew the following spells:

 Your Spells              Type           Power      Damage    Failure   Level
a - Slow                  Hex            16%        N/A       19%         1

Your spell library contained the following spells:

 Spells                   Type           Power      Damage    Failure   Level
 Inner Flame              Hex/Fire       2%         N/A       65%         3
 Portal Projectile        Hex/Tloc       4%         N/A       65%         3
 Cause Fear               Hex            2%         N/A       88%         4

Inventory:

Hand Weapons
 b - a +1 arbalest of draining (weapon)
Armour
 d - a +1 pair of gloves (worn)
 e - a +0 leather armour (worn)
Jewellery
 i - a +6 ring of dexterity (left hand)
 j - a +4 ring of protection (right hand)
Potions
 a - 2 potions of curing {unknown}
 c - a potion of cancellation {unknown}
 f - a potion of ambrosia {unknown}
 g - a potion of might {unknown}
 k - a potion of enlightenment {unknown}

Dungeon Overview and Level Annotations

Branches:
Dungeon (4/15)
 Temple: D:4-7

Altars:
Xom

Annotations:
D:1 2 transporters
D:4 Eustachio


Message History

Eustachio is moderately wounded.
Eustachio gestures wildly while chanting.
You shoot a bolt. The bolt closely misses Eustachio.
Eustachio hits you but does no damage.
You are poisoned.
The rat bites you but does no damage.
You shoot a bolt. The bolt hits Eustachio.
Eustachio is moderately wounded.
You feel very sick.
Eustachio hits you with a +2 rapier of venom.
You are more poisoned.
The rat barely misses you. Eustachio misses you. The rat misses you.
You furiously retaliate!
You headbutt the rat.
You kill the rat!
The rat's corpse disappears in a puff of smoke!
You shoot a bolt. The bolt closely misses Eustachio.
You feel extremely sick.
Eustachio twirls his moustache.
Eustachio closely misses you. You furiously retaliate!
You headbutt Eustachio. Eustachio hits you but does no damage.
You are more poisoned.
You shoot a bolt. The bolt completely misses Eustachio.
You feel extremely sick.
Eustachio hits you with a +2 rapier of venom.
You are lethally poisoned!
You shoot a bolt. The bolt barely misses Eustachio.
You feel extremely sick.
Eustachio screams, "Hey, you killed my favourite bat!"
Eustachio casts a spell.
Eustachio hits you with a +2 rapier of venom.
You are more poisoned.
You shoot a bolt. The bolt misses Eustachio.
You feel extremely sick. The quokka barely misses you. You furiously retaliate!
You headbutt the quokka.
Eustachio casts a spell.
Eustachio blinks!
The rat bites you but does no damage. The quokka barely misses you.
You furiously retaliate!
You headbutt the quokka, but do no damage.
You shoot a bolt. The bolt closely misses Eustachio.
You die...

#.##'## #.#...#
#.#.#.###
#.#.....########
#.###...........
#.# ###.########
#.# #.# #.# #r#
#@# #r@b.....
#########


You could see Eustachio (drained), a quokka (summoned), a bat (summoned) and a
rat (summoned).

Vanquished Creatures
  Duvessa (D:4)
  Dowan (D:4)
  A hound (D:3)
  A jelly (D:4)
  3 adders
  A worm (D:2)
  A dart slug (D:4)
  4 orcs
  2 bats
  8 endoplasms
  A giant cockroach (D:2)
  2 goblins (D:1)
  8 hobgoblins
  9 jackals
  3 quokkas
  7 ball pythons
  5 frilled lizards
  12 kobolds
  3 rats
73 creatures vanquished.

Notes
Turn   | Place    | Note
-------+----------+-------------------------------------------
     0 | D:1      | qw the Minotaur Hexslinger began the quest for the Orb.
     0 | D:1      | Reached XP level 1. HP: 16/16 MP: 1/1
     0 | D:1      | 0 ||| qw: Version: 0.3-a-52-g30416fa
     0 | D:1      | 0 ||| qw: Game counter: 6931
     0 | D:1      | 0 ||| qw: Melee chars always use a shield: true
     0 | D:1      | 0 ||| qw: God list: Okawaru
     0 | D:1      | 0 ||| qw: Allow faded altars: false
     0 | D:1      | 0 ||| qw: Do Orc after clearing Dungeon:15 true
     0 | D:1      | 0 ||| qw: Do second Lair branch before Depths: true
     0 | D:1      | 0 ||| qw: Lair rune preference: random
     0 | D:1      | 0 ||| qw: Goals: Normal
     0 | D:1      | 0 ||| PLANNING D:1-11
   120 | D:1      | Reached skill level 3 in Ranged Weapons
   126 | D:1      | Reached XP level 2. HP: 23/23 MP: 2/2
   501 | D:1      | Reached XP level 3. HP: 19/29 MP: 3/3
   982 | D:1      | 982 ||| UPGRADING to +0 pair of gloves.
   987 | D:1      | 987 ||| UPGRADING to +6 ring of dexterity.
   988 | D:1      | 988 ||| UPGRADING to +4 ring of protection.
   989 | D:1      | 989 ||| READING 2 scrolls labelled YMAX OTILICANT.
   990 | D:1      | 990 ||| READING scroll labelled JIWAW POOWU.
   991 | D:1      | 991 ||| READING scroll labelled RAS SOSOIG.
   992 | D:1      | 992 ||| READING scroll labelled NIHAUR POEBEI.
   993 | D:1      | 993 ||| DROPPING scroll of fog.
   994 | D:1      | 994 ||| DROPPING scroll of poison.
  1207 | D:2      | Reached skill level 4 in Ranged Weapons
  1441 | D:2      | Reached XP level 4. HP: 36/36 MP: 4/4
  1834 | D:2      | 1834 ||| UPGRADING to +0 leather armour.
  1844 | D:2      | 1844 ||| DROPPING +0 robe.
  1845 | D:2      | 1845 ||| READING 3 scrolls labelled FEPILAMOUM.
  1846 | D:2      | 1846 ||| DROPPING 2 scrolls of immolation.
  1930 | D:3      | Found a shimmering altar of Xom.
  2034 | D:3      | Found a shimmering altar of Xom.
  2113 | D:3      | Found a shimmering altar of Xom.
  2117 | D:3      | Found a shimmering altar of Xom.
  2117 | D:3      | Found a shimmering altar of Xom.
  2118 | D:3      | Found a shimmering altar of Xom.
  2123 | D:3      | Found a shimmering altar of Xom.
  2331 | D:3      | Reached skill level 5 in Ranged Weapons
  2435 | D:3      | 2435 ||| READING 2 scrolls labelled RESTRIODIMP.
  2436 | D:3      | 2436 ||| READING scroll of enchant armour.
  2436 | D:3      | 2436 ||| ENCHANTING +0 pair of gloves.
  2437 | D:3      | 2437 ||| READING scroll labelled ILOBRO QUECICE.
  2438 | D:3      | 2438 ||| READING scroll labelled INIARI NATE.
  2438 | D:3      | Identified a scroll of acquirement
  2438 | D:3      | 2438 ||| ACQUIRING +1 arbalest of draining
  2438 | D:3      | Acquired a +1 arbalest of draining
  2440 | D:3      | 2440 ||| SWAPPING to +1 arbalest of draining.
  2441 | D:3      | 2441 ||| DROPPING +1 sling.
  2508 | D:4      | Noticed Dowan
  2512 | D:4      | Killed Dowan
  2513 | D:4      | Reached skill level 3 in Fighting
  2513 | D:4      | Reached XP level 5. HP: 45/45 MP: 5/5
  2513 | D:4      | Noticed Duvessa
  2522 | D:4      | Killed Duvessa
  2523 | D:4      | Reached skill level 6 in Ranged Weapons
  2523 | D:4      | Reached XP level 6. HP: 44/51 MP: 6/6
  2847 | D:4      | Reached skill level 1 in Armour
  2891 | D:4      | Noticed Eustachio
  2898 | D:4      | HP: 3/51 [poisoned by Eustachio]
  2899 | D:4      | Succumbed to Eustachio's poison

Levels and vault maps discovered:
D:1:      spicycebolla_arrival_transporter_tutorial, layout_basic
D:2:      layout_basic, minmay_domino_4
D:3:      layout_loops_cross, nicolae_xom_altar_mimics
D:4:      layout_basic, lemuel_doored_altar, minmay_liquid_box,
          patterned_corridor, uniq_eustachio, uniq_duvessa, uniq_grinder,
          uniq_menkaure

Skill      XL: |  1  2  3  4  5  6 |
---------------+-------------------+-----
Ranged Weapons | 3 4 5 6 |  6.3
Fighting       | 2 3 |  3.2
Armour         | 1 |  1.8
Dodging        | |  2.1
Spellcasting   | |  1.0
Hexes          | |  2.0

Action                     |  1- 3 |  4- 6 || total
---------------------------+-------+-------++-------
   Fire: Sling             |   118 |    43 ||   161
         Arbalest          |       |    38 ||    38
    Use: Scroll            |     4 |     5 ||     9
 Armour: Robe              |    11 |     4 ||    15
         Leather armour    |       |    14 ||    14
  Dodge: Dodged            |    42 |    35 ||    77

Table legend:
 A = Non-vault XP
 B = Vault XP
 C = Vault XP percentage of total XP
 D = Non-vault monster count
 E = Vault monster count
 F = Vault count percentage of total count
                 A         B        C        D         E       F
            +---------+---------+-------+---------+---------+-------
      Total |     239 |     213 |  47.1 |      68 |       5 |   6.8
            +---------+---------+-------+---------+---------+-------
        D:1 |      46 |       0 |   0.0 |      28 |       0 |   0.0
        D:2 |      60 |       4 |   6.2 |      20 |       3 |  13.0
        D:3 |      68 |       0 |   0.0 |       9 |       0 |   0.0
        D:4 |      65 |     209 |  76.3 |      11 |       2 |  15.4
            +---------+---------+-------+---------+---------+-------
